 Dungeon Crawl Stone Soup version 0.27-a0-1137-g3ef0f4ec91 (webtiles) character file.

Game seed: 8804551067624235698

385 HoaS the Twirler (level 6, 0/35 HPs)
             Began as a Gargoyle Gladiator on May 6, 2021.
             Killed from afar by Natasha (5 damage)
             ... with a magic dart
             ... on level 4 of the Dungeon.
             The game lasted 00:07:13 (2892 turns).

HoaS the Twirler (Gargoyle Gladiator)               Turns: 2892, Time: 00:07:13

Health: 0/35       AC: 12    Str: 20    XL:     6   Next: 77%
Magic:  6/6        EV: 14    Int:  8    God:
Gold:   622        SH:  0    Dex: 11    Spells: 5/5 levels left

rFire    . . .     SeeInvis +   a - +0 quarterstaff
rCold    . . .     Faith    .   (shield currently unavailable)
rNeg     + . .     Spirit   .   g - +0 scale mail
rPois    ∞         Reflect  .   c - +0 helmet
rElec    +         Harm     .   (no cloak)
rCorr    .         Rampage  .   l - +0 pair of gloves
Will     .....                  (no boots)
Stlth    ..........             (no amulet)
HPRegen  0.11/turn              j - ring of see invisible
MPRegen  0.10/turn              h - +4 ring of evasion

@: no status effects
A: sickness immunity, AC +4, negative energy resistance 1, electricity
resistance, torment resistance 1, unbreathing 1, petrification resistance
a: no special abilities


You were on level 4 of the Dungeon.
You visited 1 branch of the dungeon, and saw 4 of its levels.

You collected 622 gold pieces.

Inventory:

Hand Weapons
 a - a +0 quarterstaff (weapon)
Missiles
 d - a throwing net (quivered)
 k - 15 bolts
Armour
 c - a +0 helmet (worn)
 g - a +0 scale mail (worn)
 l - a +0 pair of gloves (worn)
Jewellery
 h - a +4 ring of evasion (right hand)
 j - a ring of see invisible (left hand)
Wands
 f - a wand of mindburst (18)
 i - a wand of flame (7)
Scrolls
 m - a scroll of amnesia
Potions
 b - 2 potions of flight
 e - a potion of curing {unknown}
 n - a potion of haste {unknown}


   Skills:
 - Level 2.1 Fighting
 + Level 7.4 Staves
 - Level 1.7 Throwing
 - Level 2.4 Dodging


You had 5 spell levels left.
You didn't know any spells.
Your spell library contained the following spells:

 Spells                   Type           Power      Damage    Failure   Level
 Corona                   Hex            0%         N/A       78%         1
 Ensorcelled Hibernation  Hex/Ice        0%         N/A       89%         2
 Confusing Touch          Hex            0%         N/A       98%         3
 Dazzling Flash           Conj/Hex       0%         N/A       98%         3
 Tukima's Dance           Hex            0%         N/A       98%         3


Dungeon Overview and Level Annotations

Branches:
Dungeon (4/15)
 Temple: D:4-7

Altars:
Nemelex Xobeh

Annotations:
D:4 Natasha


Innate Abilities, Weirdness & Mutations

You are immune to sickness and miasma.
Your stone body is resilient. (AC +4)
You are immune to poison.
You resist negative energy. (rN+)
You are resistant to electric shocks. (rElec)
You are resistant to unholy torment.
You can survive without breathing.
You are immune to petrification.


Message History

There is an open door here.
There is an open door here.
There is an open door here.
There is an open door here.
Natasha, Servant of Life and Death comes into view.
Natasha hisses angrily.
Natasha mumbles some strange words.
Found a stone staircase leading up.
Natasha casts a spell at you.
The magic dart hits you but does no damage.
You sock Natasha!
Natasha is heavily wounded.
The white imp shouts, "Quit, thou worthless flap-mouthed tiddler!"
The white imp gestures at you. The puff of frost hits you.
Natasha barely misses you.
You closely miss Natasha.
Natasha is heavily wounded.
The white imp gestures at you. The puff of frost hits you!
Natasha closely misses you.
You closely miss Natasha.
Natasha is heavily wounded.
Natasha barely misses you.
You closely miss Natasha.
Natasha is heavily wounded.
The white imp gestures at you. The puff of frost hits you.
Natasha wildly gestures.
Natasha's front paws start to glow.
Natasha claws you.
You hit Natasha.
Natasha is severely wounded.
The white imp shouts, "Taste defeat, thou peaked tardy-gaited zombie-fodder!"
The white imp gestures at you. The puff of frost hits you!
* * * LOW HITPOINT WARNING * * *
You barely miss Natasha.
Natasha is severely wounded.
Natasha stares at you and mumbles some strange words.
The magic dart hits you.
You die...

...#
#...##....
...#
#.........
...#
#.........
...#
#.........
#..#
##..#########
####
#..####....#
#
#..........#
#
#..........#
#
#.....@h...#
#
#..........#
#
#......5...#
#
#.........<#
#
#..........#
#
##+####....#
# ....# #
....# #


You could see Natasha and a white imp (summoned).

Vanquished Creatures
  A wyvern (D:4)
  A hound (D:4)
  Natasha (twice) (D:4)
  A hound skeleton (D:4)
  A howler monkey skeleton (D:4)
  3 gnolls (D:2)
  3 adders
  2 worms (D:2)
  A dart slug (D:1)
  7 ball pythons
  4 bats
  7 endoplasms
  6 giant cockroaches
  10 goblins
  3 hobgoblins
  3 jackals (D:1)
  4 quokkas
  5 frilled lizards
  12 kobolds
  A rat (D:2)
77 creatures vanquished.

Notes
Turn   | Place    | Note
-------+----------+-------------------------------------------
     0 | D:1      | HoaS the Gargoyle Gladiator began the quest for the Orb.
     0 | D:1      | Reached XP level 1. HP: 12/12 MP: 1/1
   130 | D:1      | Found a faded altar of an unknown god.
   173 | D:1      | Reached XP level 2. HP: 14/17 MP: 2/2
   361 | D:1      | Reached skill level 4 in Staves
   393 | D:1      | Reached XP level 3. HP: 21/21 MP: 3/3
  1165 | D:2      | Reached XP level 4. HP: 26/26 MP: 4/4
  1243 | D:2      | Reached skill level 5 in Staves
  1598 | D:2      | Reached XP level 5. HP: 24/30 MP: 5/5
  1772 | D:3      | Identified a scroll of acquirement
  1772 | D:3      | Acquired 438 gold pieces
  1801 | D:3      | Found a sparkling altar of Nemelex Xobeh.
  2241 | D:4      | Reached skill level 6 in Staves
  2249 | D:4      | Noticed Natasha
  2268 | D:4      | Killed Natasha
  2318 | D:4      | Noticed a wyvern
  2330 | D:4      | Killed a wyvern
  2331 | D:4      | Reached skill level 7 in Staves
  2331 | D:4      | Reached XP level 6. HP: 13/35 MP: 6/6
  2623 | D:4      | Noticed Natasha
  2633 | D:4      | Killed Natasha
  2883 | D:4      | Noticed Natasha
  2892 | D:4      | Killed from afar by Natasha

Illustrated notes

Levels and vault maps discovered:
D:1:      kennysheep_arrival_forest, layout_basic, basic_ecumenical_altar,
          minmay_split_cup_large
D:2:      layout_loops_ring, serial_aquarium, aquarium_bridge_square
          [aquarium_subvault_window, aquarium_subvault_window,
          aquarium_subvault_bridge, aquarium_subvault_bridge],
          aquarium_window_1, aquarium_window_fake, aquarium_view_2b,
          aquarium_balcony_double_3
D:3:      layout_rooms, nemelex_xobeh_ov_fountains_minmay
D:4:      layout_gridville, minivault_24, uniq_natasha

Skill      XL: |  1  2  3  4  5 |
---------------+----------------+-----
Staves         | 4 5 7 |  7.4
Fighting       | |  2.1
Throwing       | |  1.7
Dodging        | |  2.4

Action                   |  1- 3 |  4- 6 || total
-------------------------+-------+-------++-------
Melee: Quarterstaff      |    97 |   125 ||   222
Throw: Throwing net      |       |     2 ||     2
  Use: Scroll            |     1 |     5 ||     6
 Stab: Held in net/web   |       |     1 ||     1
Armor: Leather armour    |     7 |       ||     7
       Ring mail         |    21 |       ||    21
       Scale mail        |    20 |    42 ||    62
Dodge: Dodged            |    64 |    63 ||   127

Table legend: (Time is in decaauts)
 A = Elapsed time spent in this place.
 B = Non-inter-level travel time spent in this place.
 C = Inter-level travel time spent in this place.
 D = Time resting spent in this place.
 E = Time spent auto-exploring this place.
 F = Levels seen in this place.
 G = Mean time per level.
                   A        B        C        D        E       F      G
               +--------+--------+--------+--------+--------+-----+--------+
         Total |   2905 |   2793 |    112 |    548 |   1708 |   4 |  726.2 |
       Dungeon |   2905 |   2793 |    112 |    548 |   1708 |   4 |  726.2 |
               +--------+--------+--------+--------+--------+-----+--------+

Top non-repeatable levels by time:
     D:1: 909 daAuts
     D:2: 866 daAuts
     D:4: 701 daAuts
     D:3: 428 daAuts
